 Dungeon Crawl Stone Soup version 0.30-a0-422-g946f4849ff (webtiles) character file.

Game seed: 15384419624059498015

21435 zishaf the Zephyrmancer (level 12, -4/76 HPs)
             Began as a Tengu Air Elementalist on Dec 8, 2022.
             Was an Initiate of Gozag.
             Incinerated by a deep elf pyromancer (7 damage)
             ... with a sticky flame
             ... on level 10 of the Dungeon.
             The game lasted 00:30:03 (15539 turns).

zishaf the Zephyrmancer (Tengu Air Elementalist)   Turns: 15539, Time: 00:30:04

Health: -4/76      AC: 12    Str:  8    XL:     12   Next: 90%
Magic:  18/27      EV: 14    Int: 27    God:    Gozag
Gold:   1968       SH: 11    Dex: 18    Spells: 19/31 levels left

rFire   . . .      SeeInvis .    x - +8 spear of the Telling Viper {vorpal, Dex+3}
rCold   + . .      Faith    .    d - +1 buckler {rC+}
rNeg    . . .      Spirit   .    F - +2 robe {Will+}
rPois   .          Reflect  +    (helmet restricted)
rElec   .          Harm     .    v - +0 cloak
rCorr   .          Rampage  .    e - +1 pair of gloves
Will    +....                    (boots unavailable)
Stlth   +.........               p - amulet of reflection
HPRegen 0.32/turn                h - +4 ring of protection
MPRegen 0.20/turn                H - +6 ring of intelligence

@: on fire, gold aura, flying quickly and evasively, glowing, studying Armour,
quick
A: beak, talons 3, nimble flight
a: Renounce Religion, Potion Petition, Call Merchant, Bribe Branch


You were on level 10 of the Dungeon.
You worshipped Gozag.
Gozag was most pleased with you.
You visited 1 branch of the dungeon, and saw 10 of its levels.
You also visited: Ossuary and Bailey.

You collected 2079 gold pieces.
You paid 111 gold pieces to Gozag.

Inventory:

Hand Weapons
 j - a +1 short sword of protection
 x - the +8 spear of the Telling Viper (weapon) {vorpal, Dex+3}
   (You found it on level 6 of the Dungeon)

   It inflicts extra damage upon your enemies.
   Dex:       It affects your dexterity (+3).
Missiles
 C - 15 boomerangs (quivered)
Armour
 a - a +0 robe
 d - a +1 buckler of cold resistance (worn)
 e - a +1 pair of gloves (worn)
 v - a +0 cloak (worn)
 F - a +2 robe of willpower (worn)
Jewellery
 h - a +4 ring of protection (left hand)
 p - an amulet of reflection (around neck)
 A - a ring of poison resistance
 H - a +6 ring of intelligence (right hand)
 J - a ring of wizardry
Wands
 q - a wand of roots (4)
 u - a wand of mindburst (24)
 G - a wand of flame (4)
 I - a wand of polymorph (2)
Scrolls
 f - 9 scrolls of teleportation
 g - 2 scrolls of enchant weapon
 i - 3 scrolls of amnesia
 n - 2 scrolls of poison
 w - 2 scrolls of fear
 y - 4 scrolls of butterflies
 D - a scroll of blinking
Potions
 b - 3 potions of magic
 c - 4 potions of brilliance
 k - 3 potions of haste
 l - 11 potions of curing
 m - 8 potions of heal wounds
 o - 4 potions of attraction
 r - a potion of might
 s - 2 potions of invisibility
 t - a potion of lignification
 z - 3 potions of mutation
 B - 2 potions of cancellation
Miscellaneous
 E - a lightning rod (3/4)


   Skills:
 + Level 9.1 Fighting
 + Level 10.8 Armour
 - Level 2.1 Dodging
 - Level 2.0 Stealth
 - Level 4.0 Shields
 - Level 10.0 Spellcasting
 + Level 11.9 Conjurations
 + Level 12.7 Air Magic
 - Level 4.0 Evocations


You had 19 spell levels left.
You knew the following spells:

 Your Spells              Type           Power      Damage    Failure   Level
a - Shock                 Conj/Air       100%       1d9       1%          1
b - Airstrike             Air            35%        2d(5-21)  1%          4
c - Blink                 Tloc           26%        N/A       9%          2
A - Static Discharge      Conj/Air       100%       2-7/arc   1%          2
B - Swiftness             Air            70%        N/A       1%          3

Your spell library contained the following spells:

 Spells                   Type           Power      Damage    Failure   Level
 Kiss of Death            Conj/Necr      100%       2d13      1%          1
 Momentum Strike          Conj/Tloc      90%        3d10      1%          2
 Stone Arrow              Conj/Erth      90%        3d12      1%          3
 Sandblast                Erth           26%        2d8       5%          1
 Passwall                 Tmut/Erth      10%        N/A       9%          2
 Call Canine Familiar     Summ           13%        N/A       16%         3
 Confusing Touch          Hex            13%        N/A       16%         3
 Inner Flame              Hex/Fire       13%        N/A       16%         3
 Lesser Beckoning         Tloc           26%        N/A       16%         3
 Portal Projectile        Hex/Tloc       26%        N/A       16%         3
 Animate Armour           Summ/Erth      26%        N/A       47%         4
 Cause Fear               Hex            6%         N/A       47%         4
 Dispel Undead            Necr           13%        3d9       47%         4
 Leda's Liquefaction      Hex/Erth       6%         N/A       47%         4
 Discord                  Hex            6%         N/A       100%        8
 Lehudib's Crystal Spear  Conj/Erth      22%        10d6      100%        8


Dungeon Overview and Level Annotations

Branches:
Dungeon (10/15)            Temple (0/1) D:7         Ossuary (visited)
 Bailey (visited)
   Lair: D:8-11         Orc: D:9-12

Altars:
Elyvilon
Gozag
Trog
Yredelemnul

Portals:
Abyss: D:3

Annotations:
D:3 2 transporters, qeuew's ghost, amateur HOFi


Innate Abilities, Weirdness & Mutations

You have a beak for a mouth.
You have claws for feet.
Your magical nature lets you fly swiftly and evasively.


Message History

The fire elemental burns you!
* * * LOW HITPOINT WARNING * * *
Casting: Static Discharge (safe; 1% risk of failure)
Confirm with . or Enter, or press ? or * to list all spells.
The fire elemental is struck by an arc of lightning.
The fire elemental resists.
The fire elemental is moderately damaged.
The fire elemental is struck by an arc of lightning.
The fire elemental resists.
The fire elemental is moderately damaged.
The lightning grounds out.
The fire elemental is struck by an arc of lightning.
The fire elemental resists.
The fire elemental is moderately damaged.
The fire elemental is struck by an arc of lightning.
The fire elemental completely resists.
You are struck by an arc of lightning.
* * * LOW HITPOINT WARNING * * *
The lightning grounds out.
The deep elf pyromancer is struck by an arc of lightning.
The deep elf pyromancer is almost dead.
You are struck by an arc of lightning.
* * * LOW HITPOINT WARNING * * *
The lightning grounds out.
You are covered in liquid flames!
* * * LOW HITPOINT WARNING * * *
The deep elf pyromancer mumbles some strange words.
The deep elf pyromancer blinks!
The two-headed ogre is engulfed in blazing flames.
The fire elemental hits you. The fire elemental burns you!
* * * LOW HITPOINT WARNING * * *
You block the fire elemental's attack.
Aiming: Thunderbolt
Press: ? - help, Shift-Dir - straight line, f/p - deep elf pyromancer
Aim: a deep elf pyromancer, wielding a +0 quarterstaff and wearing the +1 leather armour of Wimnuoh {rF+ rC+ rN+ Stlth+} (almost dead)
The thunderbolt hits the deep elf pyromancer!
You kill the deep elf pyromancer!
The fire elemental disappears in a puff of smoke! x2
You are covered in liquid flames!
You die...
Your body crumbles into a pile of gold.

#.........#..#.......#........'
#.........#..#..####.'........#
#.........# #..# ####.......#
###..######.# #..# ###......
.....#....#.# #$.# ##.....
.....#....#.# #..# #.....
.....#....#.# #..# ##....
.....#....#)# #§.# #....
.....#....#<# #@.# #....
.....'....#.# #§§# ##...
.....#....#.#.O.O$# #...
.....######.#.....'. $#...
............##################.##
..........)...>..................
.................................
#####...............#'#####.##'##
#...............#.....#.#....


You could see a two-headed ogre.

Vanquished Creatures
  An orc warlord (Bailey)
  Erica (D:8)
  A two-headed ogre (D:10)
  A deep elf pyromancer (D:10)
  An ugly thing (D:10)
  A manticore (D:10)
  Joseph (D:8)
  A kobold demonologist (D:9)
  A komodo dragon (D:10)
  4 trolls
  2 hornets
  A shadow (D:6)
  A vampire (D:10)
  22 yaks
  2 basilisks (D:10)
  2 wyverns (D:10)
  3 wraiths (D:10)
  A steam dragon (D:8)
  Menkaure (D:5)
  An acid dragon (D:10)
  A water moccasin (D:4)
  3 black bears
  A hornet zombie (Ossuary)
  10 orc warriors
  3 sky beasts
  3 ice beasts
  An ogre (D:4)
  10 centaurs
  2 kobold brigands
  Blork the orc (D:6)
  A gnoll sergeant (D:7)
  8 bullfrogs
  A wyvern zombie (Ossuary)
  2 scorpions
  3 water moccasin zombies (Ossuary)
  4 wights
  5 killer bees (D:9)
  4 howler monkeys
  3 centaur zombies (Ossuary)
  6 bullfrog zombies (Ossuary)
  2 jellies (D:6)
  5 orc priests
  Crazy Yiuf (D:5)
  5 hounds
  5 iguanas
  Natasha (thrice) (D:3)
  13 orc wizards
  A killer bee zombie (Ossuary)
  4 howler monkey zombies (Ossuary)
  12 mummies
  Robin (D:2)
  12 gnolls
  9 adders
  2 shadow imps
  A white imp (D:6)
  2 ufetubi
  A worm (D:3)
  4 dart slugs
  24 orcs
  5 endoplasms
  A giant cockroach (D:3)
  17 goblins
  9 hobgoblins
  17 kobolds
  6 quokkas
  3 ball pythons
  4 bats
  5 frilled lizards
  2 orc zombies (D:5)
  6 rats
303 creatures vanquished.

Vanquished Creatures (others)
  A fungus (D:5)
  10 plants
  8 withered plants (Ossuary)
19 creatures vanquished.

Grand Total: 322 creatures vanquished

Notes
Turn   | Place    | Note
-------+----------+-------------------------------------------
     0 | D:1      | zishaf the Tengu Air Elementalist began the quest for the
                  | Orb.
     0 | D:1      | Reached XP level 1. HP: 10/10 MP: 4/4
   209 | D:1      | Reached XP level 2. HP: 16/16 MP: 4/6
   338 | D:1      | Reached skill level 1 in Fighting
   661 | D:1      | Reached XP level 3. HP: 20/20 MP: 3/7
  1138 | D:2      | Learned a level 2 spell: Static Discharge
  1170 | D:2      | Reached XP level 4. HP: 26/26 MP: 4/8
  1226 | D:2      | Found a basalt altar of Yredelemnul.
  1279 | D:2      | Reached skill level 5 in Air Magic
  1833 | D:2      | Gained mutation: Your magical nature lets you fly swiftly
                  | and evasively. [Tengu growth]
  1833 | D:2      | Reached XP level 5. HP: 8/30 MP: 2/9
  2047 | D:3      | Noticed Natasha
  2057 | D:3      | Killed Natasha
  2061 | D:3      | Noticed Robin
  2229 | D:3      | Reached XP level 6. HP: 16/36 MP: 1/10
  2351 | D:3      | Noticed Natasha
  2377 | D:3      | Killed Natasha
  2378 | D:3      | Reached skill level 6 in Air Magic
  2396 | D:3      | Noticed Natasha
  2400 | D:3      | Killed Natasha
  2470 | D:3      | Found a transporter.
  2472 | D:3      | Found a one-way gate to the infinite horrors of the Abyss.
  2472 | D:3      | Noticed a small abomination
  2472 | D:3      | Noticed qeuew's ghost (amateur HOFi)
  2546 | D:2      | Killed Robin
  2859 | D:3      | Found a bloodstained altar of Trog.
  2900 | D:3      | Found a transporter.
  2922 | D:3      | Noticed an ancient zyme
  3015 | D:4      | Noticed a water moccasin
  3140 | D:4      | Identified a scroll of acquirement
  3140 | D:4      | Acquired a +1 buckler of cold resistance
  3152 | D:4      | Learned a level 4 spell: Airstrike
  3322 | D:4      | Killed a water moccasin
  3323 | D:4      | Reached skill level 1 in Shields
  3323 | D:4      | Reached skill level 5 in Conjurations
  3323 | D:4      | Reached XP level 7. HP: 28/41 MP: 1/11
  3734 | D:4      | HP: 2/42 [/static electricity (1)]
  3735 | D:4      | Reached skill level 7 in Air Magic
  4478 | D:5      | Entered Level 5 of the Dungeon
  4494 | D:5      | Noticed Menkaure
  4502 | D:5      | Killed Menkaure
  4553 | D:5      | Reached XP level 8. HP: 31/48 MP: 1/12
  4572 | D:5      | Found a sand-covered staircase.
  4673 | Ossuary  | Entered an ossuary
  4794 | Ossuary  | Reached skill level 8 in Air Magic
  4845 | Ossuary  | Reached skill level 5 in Fighting
  5314 | Ossuary  | Reached skill level 1 in Armour
  5488 | Ossuary  | Reached XP level 9. HP: 54/54 MP: 10/14
  5492 | Ossuary  | Learned a level 3 spell: Swiftness
  6166 | D:5      | Reached skill level 9 in Air Magic
  6335 | D:5      | Found an opulent altar of Gozag.
  6741 | D:5      | Found a white marble altar of Elyvilon.
  6809 | D:5      | Reached skill level 5 in Armour
  6996 | D:5      | Became a worshipper of Gozag Ym Sagoz the Greedy
  7153 | D:5      | Found a runed translucent door.
  7154 | D:5      | Noticed Crazy Yiuf
  7161 | D:5      | Killed Crazy Yiuf
  7352 | D:6      | Identified the +8 spear of the Telling Viper {vorpal,
                  | Dex+3}
  7540 | D:6      | Reached XP level 10. HP: 61/61 MP: 17/17
  7587 | D:6      | Reached skill level 10 in Air Magic
  8224 | D:6      | Noticed Blork the orc
  8245 | D:6      | Killed Blork the orc
  8650 | D:7      | Found a flagged portal.
  8661 | Bailey   | Entered a bailey
  8751 | Bailey   | Noticed an orc warlord
  9056 | Bailey   | Found a runed translucent gate.
  9127 | Bailey   | Found a runed translucent gate.
  9130 | Bailey   | Found a runed translucent gate.
  9509 | Bailey   | Killed an orc warlord
  9510 | Bailey   | Reached skill level 5 in Spellcasting
  9510 | Bailey   | Reached skill level 10 in Conjurations
  9510 | Bailey   | Reached skill level 11 in Air Magic
  9510 | Bailey   | Reached skill level 1 in Evocations
  9652 | Bailey   | Reached XP level 11. HP: 67/67 MP: 18/25
  9773 | D:7      | Reached skill level 10 in Spellcasting
  9988 | D:7      | Found a staircase to the Ecumenical Temple.
 10325 | D:7      | Learned a level 2 spell: Blink
 10747 | D:8      | Noticed Erica
 10767 | D:8      | Killed Erica
 11344 | D:8      | Noticed Joseph
 11352 | D:8      | Killed Joseph
 11353 | D:8      | Reached XP level 12. HP: 48/73 MP: 20/27
 13036 | D:10     | Entered Level 10 of the Dungeon
 13597 | D:10     | Reached skill level 12 in Air Magic
 14200 | D:10     | Noticed a two-headed ogre
 14230 | D:10     | Killed a two-headed ogre
 14474 | D:10     | Reached skill level 10 in Armour
 15530 | D:10     | Identified the +1 leather armour of Wimnuoh {rF+ rC+ rN+
                  | Stlth+}
 15534 | D:10     | Noticed a two-headed ogre
 15538 | D:10     | HP: 3/76 [fire elemental[a deep elf pyromancer] (10)]
 15539 | D:10     | Incinerated by a deep elf pyromancer

Illustrated notes

Levels and vault maps discovered:
D:1:      dpeg_arrival_rooms_b, layout_rooms, serial_bayou_pond_c
D:2:      layout_rooms, basic_altar
D:3:      layout_rooms, mainiacjoe_overflow_tiny_flanked,
          gammafunk_ghost_abyssal_escape, uniq_natasha, uniq_robin
D:4:      layout_cave_pools, st_stairs_7, chequers_serial_rivers_marsh,
          minmay_manual_monolith
D:5:      layout_rooms, grunt_gozag_statues, elyvilon_altar_3,
          nicolae_ossuary_entry_giza, chequers_garden, uniq_menkaure,
          uniq_crazy_yiuf_cottage
D:6:      layout_loops_ring, uniq_blork_the_orc
D:7:      layout_basic, minmay_temple_entry_proselytizer, enter_bailey_8
D:8:      layout_basic, uniq_joseph, uniq_erica
D:9:      layout_loops_ring
D:10:     minmay_quarter_circles, layout_irregular_city, minmay_lizard_king

Skill      XL: |  1  2  3  4  5  6  7  8  9 10 11 12 |
---------------+-------------------------------------+-----
Conjurations   | 2 3 4 5 6 7 8 10 11 | 11.9
Fighting       | 1 2 3 4 5 6 7 9 |  9.1
Air Magic      | 5 6 7 8 9 11 12 | 12.7
Shields        | 1 2 4 |  4.0
Spellcasting   | 3 4 9 10 | 10.0
Armour         | 1 5 7 8 10 | 10.8
Evocations     | 1 2 4 |  4.0
Dodging        | |  2.1
Stealth        | |  2.0

Action                   |  1- 3 |  4- 6 |  7- 9 | 10-12 || total
-------------------------+-------+-------+-------+-------++-------
Melee: Unarmed           |     6 |       |       |       ||     6
       Kick              |     1 |     6 |    15 |    49 ||    71
       Peck              |     1 |     4 |     7 |    27 ||    39
       Short sword       |       |    25 |    24 |       ||    49
       Spear             |       |       |    20 |   192 ||   212
Throw: Boomerang         |       |       |       |     6 ||     6
 Cast: Shock             |    59 |    92 |   214 |   126 ||   491
       Static Discharge  |       |    22 |    71 |   187 ||   280
       Airstrike         |       |       |       |     8 ||     8
Evoke: Lightning rod     |       |       |       |     5 ||     5
       Wand              |       |       |       |     8 ||     8
  Use: Scroll            |       |     7 |     9 |    10 ||    26
       Potion            |       |       |     3 |     1 ||     4
 Stab: Sleeping          |       |       |     1 |    10 ||    11
       Distracted        |       |       |       |     3 ||     3
Armor: Robe              |     5 |    11 |    30 |    84 ||   130
Dodge: Dodged            |     8 |    36 |    68 |   150 ||   262
Block: Buckler           |       |     2 |    70 |   163 ||   235
       Reflection        |       |       |     1 |    21 ||    22

Table legend: (Time is in decaauts)
 A = Elapsed time spent in this place.
 B = Non-inter-level travel time spent in this place.
 C = Inter-level travel time spent in this place.
 D = Time resting spent in this place.
 E = Time spent auto-exploring this place.
 F = Levels seen in this place.
 G = Mean time per level.
                   A        B        C        D        E       F      G
               +--------+--------+--------+--------+--------+-----+--------+
         Total |  15049 |  14779 |    270 |   2481 |   9221 |  12 | 1254.1 |
       Dungeon |  12725 |  12455 |    270 |   1901 |   8273 |  10 | 1272.5 |
       Ossuary |   1329 |   1329 |      0 |    395 |    600 |   1 | 1329.0 |
        Bailey |    995 |    995 |      0 |    184 |    348 |   1 |  995.0 |
               +--------+--------+--------+--------+--------+-----+--------+

Top non-repeatable levels by time:
    D:10: 2269 daAuts
     D:5: 1400 daAuts
 Ossuary: 1329 daAuts
     D:9: 1328 daAuts
     D:4: 1234 daAuts
     D:8: 1189 daAuts
     D:3: 1171 daAuts
     D:2: 1129 daAuts
     D:7: 1094 daAuts
     D:6: 1041 daAuts
  Bailey: 995 daAuts
     D:1: 866 daAuts
